 Dungeon Crawl Stone Soup version 0.18-a0-1572-g0a86841 (webtiles) character file.

128 M4edhros the Poker (level 5, -1/36 HPs)
             Began as an Octopode Chaos Knight on Mar 15, 2016.
             Slain by a sky beast (5 damage)
             ... on level 3 of the Dungeon.
             The game lasted 00:02:15 (2116 turns).

M4edhros the Poker (Octopode Chaos Knight)          Turns: 2116, Time: 00:02:15

Health: -1/36      AC:  1    Str: 12    XL:     5   Next: 11%
Magic:  5/5        EV: 12    Int: 14    God:    Xom [..*...]
Gold:   171        SH:  0    Dex: 12    Spells: 0 memorised, 4 levels left

rFire  + . .     SeeInvis .     a - +0 spear (chaos)
rCold  . . .     Gourm    .     (no shield)
rNeg   . . .     Faith    +     (helmet restricted)
rPois  .         Spirit   .     n - amulet of faith
rElec  .         Dismiss  .     d - ring of protection from fire
rCorr  .         Reflect  .     (no ring)
SustAt .         Harm     .     (no ring)
MR     .....                    (no ring)
Stlth  ++........               (no ring)
                                (no ring)
                                (no ring)
                                (no ring)

@: not resistant to hostile enchantments, unstealthy
A: almost no armour, amphibious, 8 rings, constrict 8, camouflage 1, gelatinous
body 1
a: Renounce Religion


You were on level 3 of the Dungeon.
You worshipped Xom.
You were a toy of Xom.
You were not hungry.

You visited 1 branch of the dungeon, and saw 3 of its levels.

You collected 171 gold pieces.

Inventory:

Hand Weapons
 a - a +0 spear of chaos (weapon)
Jewellery
 d - a ring of protection from fire (left tentacle)
 n - an amulet of faith (around mantle)
Scrolls
 c - 2 scrolls of remove curse {unknown}
 e - 2 scrolls of identify {unknown}
 g - a scroll of enchant armour {unknown}
 i - 2 scrolls of magic mapping {unknown}
 m - a scroll of teleportation {unknown}
 p - a scroll of recharging {unknown}
 r - 2 scrolls of amnesia {unknown}
 t - 3 scrolls of immolation {unknown}
 u - a scroll of fog {unknown}
Potions
 f - 2 potions of flight {unknown}
 h - a potion of brilliance {unknown}
 j - a potion of heal wounds {unknown}
 o - a potion of ambrosia {unknown}
 q - a potion of curing {unknown}
Comestibles
 b - 2 bread rations
 k - a beef jerky
 l - a meat ration
 s - a chunk of flesh


   Skills:
 - Level 3.0 Fighting
 + Level 5.6 Polearms
 - Level 2.3 Dodging


You had 4 spell levels left.
You didn't know any spells.

Dungeon Overview and Level Annotations

Branches:
Dungeon (3/15)

Altars:


Innate Abilities, Weirdness & Mutations

You cannot wear most types of armour.
You are amphibious.
You can wear up to eight rings at the same time.
You can use your tentacles to constrict eight enemies at once.
Your skin changes colour to match your surroundings (Stealth).
Your rubbery body absorbs attacks (AC +1).


Message History

A sky beast is nearby!
You barely miss the sky beast. Your squeeze misses the sky beast.
A sky beast is nearby!
You hit the sky beast but do no damage.
The sky beast seems to speed up.
Xom thinks this is hilarious!
The sky beast hits you. The sky beast shocks you.
The sky beast flickers out of sight!
Deactivating autopickup; reactivate with Ctrl-A.
Something barely misses you.
There is a strange disturbance nearby!
No target in view!
No target in view!
Something hits you. Something shocks you. Something hits you.
Something shocks you. Something hits you. Something shocks you.
* * * LOW HITPOINT WARNING * * *
Something hits you.
* * * LOW HITPOINT WARNING * * *
Something shocks you.
You die...

........#..#
##.........#.##
..............#
#.........#..##
#.............#
#..........##.....
##...........######
...........#..# .
#.##@##.##.### #...
#.##..#...#####...
#.###............. ## #.#
########.#.... #. #.# ###
#.##... #. #.####.##
#..#... . #. ##.#.....##
##.#...
....##.##..#.###..####.#...
.............# ##....#.#...


There were no monsters in sight!

Vanquished Creatures
  A worker ant (D:3)
  3 adders
  An ooze (D:1)
  2 worms
  3 dart slugs
  2 giant geckos (D:2)
  2 ball pythons (D:2)
  3 giant cockroaches
  6 goblins
  5 hobgoblins
  6 jackals
  2 quokkas (D:3)
  7 bats
  3 giant newts
  5 kobolds
  8 rats
59 creatures vanquished.

Notes
Turn   | Place    | Note
--------------------------------------------------------------
     0 | D:1      | M4edhros the Octopode Chaos Knight began the quest for the Orb.
     0 | D:1      | Reached XP level 1. HP: 16/16 MP: 1/1
    85 | D:1      | Reached XP level 2. HP: 21/21 MP: 2/2
   360 | D:1      | Reached skill level 4 in Polearms
   370 | D:1      | Reached XP level 3. HP: 19/26 MP: 3/3
   488 | D:1      | XOM: harmless Necr miscast
   916 | D:2      | XOM: divination: detect items
   924 | D:2      | Reached XP level 4. HP: 26/31 MP: 4/4
  1128 | D:3      | Reached skill level 5 in Polearms
  1402 | D:2      | XOM: mild Pois miscast
  1804 | D:2      | XOM: harmless Conj miscast
  1880 | D:2      | XOM: divination: detect creatures
  1997 | D:3      | Reached XP level 5. HP: 31/36 MP: 5/5
  2104 | D:3      | Noticed a sky beast
  2116 | D:3      | Slain by a sky beast

Vault maps used:
D:1:      grunt_arrival_crossed_arrows
D:2:      first_bread, minmay_cupped

Skill      XL: |  1  2  3  4 |
---------------+-------------+-----
Polearms       | 4 5 |  5.6
Fighting       | |  3.0
Dodging        | |  2.3

Action                   |  1- 3 |  4- 6 || total
-------------------------+-------+-------++-------
Melee: Spear             |    99 |    57 ||   156
 Stab: Sleeping          |    11 |     1 ||    12
  Eat: Chunk             |       |     4 ||     4
